Map: Odyssey LE

Players

axu

  • Race: Protoss Protoss
  • League: Platinum
  • Spawn Location: 11:00

IlIlIlIlIlIl - Winner!

  • Race: Protoss Protoss
  • League: Platinum
  • Spawn Location: 5:00

VOD

Have the link to the VOD?

Description

Time

  • Played on: Dec. 27, 2017, 11:14 a.m.
  • Length: 4:48
Show
View Real Time Build Order
Export as new Build Order

axu Protoss 

Build Orders:  

Get SALT Encoding   

  12  0:00  Probe  
  13  0:13  Probe  
  14  0:20  Pylon  
  14  0:29  Probe  
  15  0:38  Gateway  
  15  0:41  Probe  
  16  0:45  Assimilator  
  16  0:54  Probe (Chrono Boost)  
  17  1:03  Probe (Chrono Boost)  
  18  1:08  Probe (Chrono Boost)  
  19  1:19  Gateway  
  19  1:20  Probe  
  20  1:25  Cybernetics Core  
  20  1:30  Assimilator  
  20  1:32  Probe  
  20  2:02  Pylon  
  20  2:04  Stalker (Chrono Boost)  
  20  2:05  Pylon  
  24  2:27  Stalker (Chrono Boost)  
  24  2:29  Gateway  
  24  2:31  Stalker (Chrono Boost)  
  13  3:08  Stalker  
Show
View Real Time Build Order
Export as new Build Order

IlIlIlIlIlIl Protoss - Winner!

Build Orders:  

Get SALT Encoding   

  12  0:02  Probe (Chrono Boost)  
  14  0:14  Probe (Chrono Boost)  
  14  0:21  Probe (Chrono Boost)  
  15  0:51  Pylon  
  15  1:11  Gateway  
  15  1:12  Gateway  
  15  1:15  Gateway  
  15  1:18  Pylon  
  15  1:28  Pylon  
  15  1:58  Zealot (Chrono Boost)  
  21  2:08  Zealot (Chrono Boost)  
  21  2:10  Zealot (Chrono Boost)  
  20  2:17  Zealot  
  22  2:29  Zealot  
  24  2:32  Zealot  
  26  2:44  Zealot  
  26  2:56  Zealot (Chrono Boost)  
  26  2:59  Zealot (Chrono Boost)  
  28  3:18  Zealot (Chrono Boost)  
  28  3:20  Zealot (Chrono Boost)  
  30  4:01  Zealot (Chrono Boost), Pylon  
  30  4:03  Pylon  
  30  4:05  Pylon  
  30  4:14  Zealot (Chrono Boost)  
Tags
 
Matchup
PvP
Spawn Locations
Cross Positions
Add a new tag
Caveats
  • Supply blocks, unpowered buildings, or Contaminate may cause inaccurate times.
  • Supply counts are checked every 10 seconds.